 Dungeon Crawl Stone Soup version 0.20.1-1-g8b1a95d (webtiles) character file.

52 wrentha the Magician (level 3, 0/19 HPs)
             Began as a Deep Elf Wizard on Dec 8, 2017.
             Slain by an iron imp (9 damage)
             ... summoned by Natasha
             ... on level 2 of the Dungeon.
             The game lasted 00:11:42 (1394 turns).

wrentha the Magician (Deep Elf Wizard)              Turns: 1394, Time: 00:11:42

Health: 0/19       AC:  2    Str:  4    XL:     3   Next: 60%
Magic:  4/12       EV: 13    Int: 23    God:
Gold:   45         SH:  0    Dex: 13    Spells: 0/13 levels left

rFire    . . .     SeeInvis .   m - +0 short sword
rCold    . . .     Gourm    .   (no shield)
rNeg     . . .     Faith    .   a - +0 robe
rPois    +         Spirit   .   b - +0 hat
rElec    .         Reflect  .   (no cloak)
rCorr    .         Harm     .   (no gloves)
MR       .....                  (no boots)
Stlth    ++........             (no amulet)
Regen    0.1/turn               j - ring of poison resistance
MPRegen  0.2/turn               (no ring)

@: no status effects
A: no striking features
a: no special abilities


You were on level 2 of the Dungeon.
You were not hungry.

You visited 1 branch of the dungeon, and saw 3 of its levels.

You collected 45 gold pieces.

Inventory:

Hand Weapons
 m - a +0 short sword (weapon)
Missiles
 g - 30 stones (quivered)
Armour
 a - a +0 robe (worn)
 b - a +0 hat (worn)
Jewellery
 j - a ring of poison resistance (left hand)
Scrolls
 e - a scroll of enchant armour {unknown}
 f - a scroll of random uselessness {unknown}
 l - a scroll of fear {unknown}
 n - 3 scrolls of identify {unknown}
Potions
 i - a potion of haste {unknown}
 k - a potion of berserk rage {unknown}
Books
 c - a book of Minor Magic

   Spells                             Type                      Level
   a - Magic Dart                     Conjuration                  1
   b - Blink                          Translocation                2
   c - Call Imp                       Summoning                    2
   d - Slow                           Hexes                        2
   e - Conjure Flame                  Conjuration/Fire             3
   f - Mephitic Cloud                 Conjuration/Poison/Air       3
Comestibles
 d - 2 bread rations
 h - 2 meat rations
 o - a chunk of flesh


   Skills:
 + Level 0.1 Fighting
 + Level 2.8 Dodging
 - Level 2.6 Stealth
 + Level 5.7 Spellcasting
 + Level 1.7 Conjurations
 + Level 1.1 Summonings
 + Level 1.3 Translocations


You couldn't memorise any spells.
You knew the following spells:

 Your Spells              Type           Power        Failure   Level  Hunger
a - Magic Dart            Conj           ##..         4%          1    None
b - Blink                 Tloc           N/A          8%          2    None
c - Call Imp              Summ           ##......     9%          2    None
d - Slow                  Hex            #.......     13%         2    None
e - Mephitic Cloud        Conj/Pois/Air  #.......     21%         3    #......
f - Conjure Flame         Conj/Fire      ##......     19%         3    #......


Dungeon Overview and Level Annotations

Branches:
Dungeon (3/15)

Altars:

Annotations:
D:2 Natasha


Message History

Press: ? - help, Dir - move target cursor, f - Natasha
Aim: Natasha (heavily wounded) Attack!
The iron imp hits you. Natasha hisses at your crimson imp.
Natasha claws your crimson imp.
Your crimson imp blinks!
A giant cockroach comes into view.
Unknown command.
What are your orders? t - Shout!
Orders for allies: a - Attack new target. p - Attack previous target. r - Retreat! s - Stop attacking. g - Guard the area. f - Follow me.
Anything else - Cancel.
Gang up on whom?
Press: ? - help, Dir - move target cursor, f/p - Natasha
Aim: Natasha (heavily wounded) Attack!
The iron imp barely misses you. The crimson imp misses you.
The iron imp hits you!
You die...

...#.#....##...#
###.#.#†###...#
.......(.........
#.......#.5s......
#.#+#.(55..#......
.......@..#......
..........##....#
...............!.#
.....$.....##....
.....####### ..
#### .


You could see an iron imp, Natasha, a crimson imp, a giant cockroach and a
friendly white imp.

Vanquished Creatures
  An adder (D:2)
  2 dart slugs (D:1)
  2 leopard geckos (D:1)
  8 bats
  4 goblins (D:1)
  2 hobgoblins (D:1)
  2 jackals (D:1)
  4 kobolds (D:1)
  3 frilled lizards
  4 rats
32 creatures vanquished.

Vanquished Creatures (collateral kills)
  An adder (D:2)
  A bat (D:2)
2 creatures vanquished.

Grand Total: 34 creatures vanquished

Notes
Turn   | Place    | Note
-------+----------+-------------------------------------------
     0 | D:1      | wrentha the Deep Elf Wizard began the quest for the Orb.
     0 | D:1      | Reached XP level 1. HP: 10/10 MP: 7/7
   238 | D:1      | Reached XP level 2. HP: 15/15 MP: 6/9
   242 | D:1      | Learned a level 2 spell: Blink
   245 | D:1      | Learned a level 2 spell: Call Imp
   248 | D:1      | Learned a level 2 spell: Slow
   348 | D:1      | Reached skill level 5 in Spellcasting
  1032 | D:1      | Reached XP level 3. HP: 19/19 MP: 11/11
  1037 | D:1      | Learned a level 3 spell: Mephitic Cloud
  1169 | D:1      | Learned a level 3 spell: Conjure Flame
  1237 | D:2      | Noticed Natasha
  1394 | D:2      | Slain by an iron imp

Skill      XL: |  1  2 |
---------------+-------+-----
Spellcasting   | 5 |  5.7
Fighting       | |  0.1
Dodging        | |  2.8
Stealth        | |  2.6
Conjurations   | |  1.7
Summonings     | |  1.1
Translocations | |  1.3

Action                   || total
-------------------------++-------
Melee: Short sword       ||     9
Throw: Stone             ||     5
 Cast: Magic Dart        ||    61
       Blink             ||     5
       Mephitic Cloud    ||     3
       Call Imp          ||     2
       Conjure Flame     ||     1
 Stab: Sleeping          ||     1
       Confused          ||     2
  Eat: Chunk             ||     1
Armor: Robe              ||     7
Dodge: Dodged            ||    25
